 Dungeon Crawl Stone Soup version 0.30-a0-561-g1b0378597e (webtiles) character file.

Game seed: 16240964651663265719

17444 HessuHobo the Slicer (level 12, -4/89 HPs)
             Began as a Green Draconian Fire Elementalist on Dec 28, 2022.
             Was a Priest of Sif Muna.
             Slain by a bog body (16 damage)
             ... on level 2 of the Lair of Beasts.
             The game lasted 00:44:51 (25319 turns).

HessuHobo the Slicer (DrFE)                        Turns: 25319, Time: 00:44:51

Health: -4/89      AC: 12    Str: 12    XL:     12   Next: 18%
Magic:  11/18      EV: 12    Int: 31    God:    Sif Muna [***...]
Gold:   319        SH: 14    Dex: 12    Spells: 12/19 levels left

rFire   . . .      SeeInvis .    i - +2 short sword (venom)
rCold   . . .      Faith    .    f - +0 kite shield
rNeg    . . .      Spirit   .    (body armour unavailable)
rPois   +          Reflect  +    (helmet restricted)
rElec   .          Harm     .    K - scarf {repulsion}
rCorr   .          Rampage  .    C - +1 pair of gloves
Will    .....                    Z - +1 pair of boots {Fly}
Stlth   +++                      e - amulet of reflection
HPRegen 0.34/turn                R - +6 ring of intelligence
MPRegen 0.16/turn                E - +6 ring of intelligence

@: flying, very slightly contaminated, slowed, repel missiles, very slow
A: breathe noxious fumes, AC +8, unfitting armour, poison resistance,
cold-blooded
a: Breathe Noxious Fumes, Renounce Religion, Channel Magic, Forget Spell


You were on level 2 of the Lair of Beasts.
You worshipped Sif Muna.
Sif Muna was most pleased with you.
You visited 2 branches of the dungeon, and saw 12 of its levels.

You collected 611 gold pieces.
You spent 292 gold pieces at shops.

Inventory:

Hand Weapons
 i - a +2 short sword of venom (weapon)
 m - the +8 battleaxe of Grand Courage {flame, Drain rElec MP+9 Dex+4}
   (You found it on level 1 of the Lair of Beasts)

   It burns those it strikes, dealing additional fire damage.
   Big, fiery blades are also staple armaments of hydra-hunters.
   Dex:       It affects your dexterity (+4).
   rElec:     It insulates you from electricity.
   MP:        It affects your magic capacity (+9).
   Drain:     It drains your maximum health when unequipped.
 N - the +1 dagger of the Fortifying Gods {heavy, rElec rN+ Stlth-}
   (You found it on level 7 of the Dungeon)

   It deals dramatically more damage, but attacks with it are much slower.
   rElec:     It insulates you from electricity.
   rN:        It protects you from negative energy.
   Stlth:     It makes you less stealthy.
 P - a +2 dagger of pain
 U - a +2 dagger of speed
Missiles
 D - 6 throwing nets
 O - 32 poisoned darts
 V - a curare-tipped dart
Armour
 f - a +0 kite shield (worn)
 C - a +1 pair of gloves (worn)
 K - a scarf of repulsion (worn)
 Z - a +1 pair of boots of flying (worn)
Magical Staves
 Q - a staff of conjuration
 W - a staff of death
Jewellery
 e - an amulet of reflection (around neck)
 E - a +6 ring of intelligence (right hand)
 R - a +6 ring of intelligence (left hand)
 S - a ring of protection from cold
Wands
 a - a wand of paralysis (13)
 b - a wand of flame (35)
 k - a wand of roots (13)
Scrolls
 h - 3 scrolls of enchant armour
 j - 6 scrolls of teleportation
 l - 2 scrolls of enchant weapon
 n - a scroll of silence
 o - 2 scrolls of poison
 y - a scroll of fear
 B - 3 scrolls of fog
 J - 3 scrolls of magic mapping
 M - 2 scrolls of immolation
Potions
 c - 5 potions of curing
 d - 2 potions of lignification
 g - a potion of haste
 p - 2 potions of cancellation
 r - 2 potions of resistance
 t - 2 potions of brilliance
 u - 2 potions of heal wounds
 w - 7 potions of mutation
 x - 2 potions of flight
 z - 2 potions of magic
 A - a potion of invisibility
 G - 4 potions of berserk rage
 H - a potion of attraction {unknown}
 T - a potion of might {unknown}
 Y - a potion of ambrosia {unknown}


   Skills:
 - Level 3.0 Fighting
 - Level 10.0 Short Blades
 - Level 5.2 Dodging
 - Level 5.7 Stealth
 - Level 4.7 Shields
 - Level 4.3 Spellcasting
 - Level 3.7 Conjurations
 + Level 4.4 Necromancy
 + Level 6.0 Translocations
 + Level 7.9 Fire Magic
 + Level 6.0 Air Magic
 - Level 2.4 Poison Magic
 - Level 4.2 Invocations
 - Level 3.6 Evocations


You had 12 spell levels left.
You knew the following spells:

 Your Spells              Type           Power      Damage    Failure   Level
a - Foxfire               Conj/Fire      100%       2x1d9     1%          1
b - Scorch                Fire           100%       2d10      1%          2
c - Kindle Blastsparks    Fire/Tloc/Air  96%        2d18      3%          3
d - Kiss of Death         Conj/Necr      100%       2d13      3%          1

Your spell library contained the following spells:

 Spells                   Type           Power      Damage    Failure   Level
 Inner Flame              Hex/Fire       31%        N/A       10%         3
 Portal Projectile        Hex/Tloc       50%        N/A       14%         3
 Airstrike                Air            22%        2d(4-20)  14%         4
 Manifold Assault         Tloc           44%        N/A       14%         4
 Flame Wave               Conj/Fire      43%        2d11      16%         4
 Sticky Flame             Conj/Fire      43%        2d6       16%         4
 Animate Dead             Necr           34%        N/A       26%         4
 Dispel Undead            Necr           34%        3d15      26%         4
 Summon Lightning Spire   Summ/Air       25%        N/A       43%         4
 Call Canine Familiar     Summ           6%         N/A       45%         3
 Confusing Touch          Hex            6%         N/A       45%         3
 Ozocubu's Armour         Ice            6%         N/A       45%         3
 Lightning Bolt           Conj/Air       18%        1d33      54%         5
 Leda's Liquefaction      Hex/Erth       3%         N/A       86%         4
 Borgnjor's Vile Clutch   Necr/Erth      10%        N/A       88%         5
 Dispersal                Tloc           22%        N/A       91%         6
 Metabolic Englaciation   Hex/Ice        3%         N/A       99%         5
 Death Channel            Necr           17%        N/A       99%         6
 Simulacrum               Ice/Necr       10%        N/A       100%        6
 Disjunction              Tloc           22%        N/A       100%        8


Dungeon Overview and Level Annotations

Branches:
Dungeon (10/15)            Temple (0/1) D:6            Lair (2/5) D:10
  Swamp (0/4) Lair:2       Spider (0/4) Lair:2          Orc (0/2) D:9

Altars:
Ashenzari
Cheibriados
Gozag
Hepliaklqana
Makhleb
Okawaru
Qazlal
Ru
Sif Muna
Trog
Vehumet
Wu Jian
Zin
The Shining One

Shops:
D:6 ?*   D:8 *(

Annotations:
D:6 exclusion: 2 downstairs
D:7 exclusion: downstairs
D:8 exclusion: downstairs
Lair:2 exclusion: oklob plant


Innate Abilities, Weirdness & Mutations

You can breathe blasts of noxious fumes.
Your lurid green scales are hard. (AC +8)
You cannot fit into any form of body armour.
Your system is resistant to poisons. (rPois)
You are cold-blooded and may be slowed by cold attacks.


Message History

The bog body is lightly damaged.
The foxfire hits the bog body.
The bog body resists.
The bog body is lightly damaged.
Casting: Foxfire (safe; 1% risk of failure)
Confirm with . or Enter, or press ? or * to list all spells.
You conjure some foxfire!
Casting: Foxfire (safe; 1% risk of failure)
Confirm with . or Enter, or press ? or * to list all spells.
You miscast Scorch.
You are very lightly contaminated with residual magic.
Nothing appears to happen.
The foxfire hits the bog body.
The bog body resists.
The bog body is lightly damaged.
The foxfire hits the bog body.
The bog body resists.
The bog body is lightly damaged.
You block the bog body's attack.
Casting: Scorch (safe; 1% risk of failure)
Confirm with . or Enter, or press ? or * to list all spells.
Flames lash the bog body.
The bog body resists.
The bog body is moderately damaged.
The bog body's fire resistance burns away.
The bog body touches you! The bog body freezes you!!
Casting: Scorch (safe; 1% risk of failure)
Confirm with . or Enter, or press ? or * to list all spells.
Flames lash the bog body.
The bog body is moderately damaged.
The bog body touches you! The bog body freezes you!!
You feel yourself slow down.
* * * LOW HITPOINT WARNING * * *
Okay, then.
As you read the scroll of fear, it crumbles to dust.
You assume a fearsome visage.
The bog body is unaffected.
The electric eel looks frightened!
The swamp worm looks frightened!
The bog body touches you but does no damage.
Cornered, the electric eel turns to fight!
The bog body attacks as you move away! You block the bog body's attack.
You feel yourself speed up. The bog body touches you.
* * * LOW HITPOINT WARNING * * *
The bog body freezes you!
You feel yourself slow down.
You die...

# #### ## ### #### ##PP####
..####.# ...####......♣ .......
........♣♣♣♣♣♣♣♣♣♣♣♣♣♣♣♣♣....###
......♣♣♣~≈~≈~~~≈~≈~~§S§♣♣.....#
.....⌠...♣.....♣.n..§§§§♣♣.....##
.....⌠......†...@♣.♣.§.§♣♣......#
......♣♣♣~≈≈♣~♣≈~≈♣~♣ §~♣♣<....Y.
.....÷..♣♣♣♣♣♣♣♣♣♣♣♣♣ ♣♣♣......#.
.............♣♣♣♣♣♣ #...<..##.#
...÷..#.#.........♣# ##....#####
...................# ##..###
...................# #.###
.....(..P..........# #.# #.##
.....#.####..>.....## ### #...#


You could see a bog body (combustible) and an electric eel.

Vanquished Creatures
  Harold (D:10)
  Erolcha (D:10)
  3 death yaks
  3 two-headed ogres
  A bog body (Lair:2)
  Pikel (D:6)
  Maggie (D:7)
  A komodo dragon (Lair:1)
  A hornet (D:10)
  A troll (D:9)
  A slime creature (D:7)
  A shadow (D:10)
  A wraith (D:5)
  4 basilisks
  16 yaks
  A wyvern (Lair:1)
  Eustachio (D:3)
  A redback (Lair:1)
  4 vampire mosquitoes
  A steam dragon (D:8)
  2 swamp worms (Lair:2)
  A warg (D:7)
  An acid dragon (D:8)
  6 water moccasins
  6 orc warriors
  2 ice beasts
  2 black bears
  A sky beast (D:7)
  8 wolves
  An ogre (D:4)
  5 centaurs
  4 lemures (D:6)
  A phantom (D:6)
  7 bullfrogs
  A gnoll sergeant (D:8)
  4 kobold brigands
  2 necrophages
  3 scorpions
  9 wights
  A howler monkey (D:2)
  An electric eel (Lair:2)
  2 gnoll boudas
  8 jellies
  4 hounds
  14 orc priests
  4 iguanas
  13 orc wizards
  A hell rat (D:10)
  Robin (D:4)
  11 gnolls
  6 adders
  A river rat (D:10)
  3 ufetubi
  A worm (D:5)
  3 dart slugs (D:1)
  50 orcs
  5 ball pythons
  3 bats
  11 endoplasms
  8 giant cockroaches
  17 goblins
  11 hobgoblins
  8 jackals
  8 quokkas
  3 frilled lizards
  26 kobolds
  4 rats
339 creatures vanquished.

Vanquished Creatures (collateral kills)
  6 foxfires
6 creatures vanquished.

Vanquished Creatures (others)
  A kobold (D:9)
  1095 foxfires
  11 fungi
  34 plants
  7 toadstools (D:7)
1148 creatures vanquished.

Grand Total: 1493 creatures vanquished

Notes
Turn   | Place    | Note
-------+----------+-------------------------------------------
     0 | D:1      | HessuHobo the Draconian Fire Elementalist began the quest
                  | for the Orb.
     0 | D:1      | Reached XP level 1. HP: 14/14 MP: 3/3
   156 | D:1      | Reached XP level 2. HP: 16/20 MP: 5/5
   546 | D:1      | Learned a level 2 spell: Scorch
   658 | D:2      | Reached XP level 3. HP: 16/26 MP: 1/6
  1918 | D:2      | Reached XP level 4. HP: 30/33 MP: 4/7
  2376 | D:2      | Reached XP level 5. HP: 38/38 MP: 7/9
  3239 | D:3      | Found an opulent altar of Gozag.
  4551 | D:4      | Reached XP level 6. HP: 43/46 MP: 7/10
  4679 | D:4      | Found a broken altar of Ashenzari.
  4680 | D:4      | Noticed Robin
  4682 | D:4      | Noticed Eustachio
  4786 | D:3      | Killed Eustachio
  4787 | D:3      | Reached skill level 1 in Fighting
  5219 | D:4      | Reached skill level 1 in Shields
  5377 | D:4      | Killed Robin
  5558 | D:4      | Your scales start taking on a lurid green colour.
  5558 | D:4      | Reached XP level 7. HP: 53/53 MP: 6/12
  5558 | D:4      | Gained mutation: Your system is resistant to poisons.
                  | (rPois) [Green Draconian growth]
  5806 | D:5      | Entered Level 5 of the Dungeon
  6533 | D:5      | Reached skill level 1 in Poison Magic
  7041 | D:5      | Found a burning altar of Makhleb.
  7046 | D:5      | Found a shimmering blue altar of Sif Muna.
  7077 | D:5      | Found an iron altar of Okawaru.
  7799 | D:5      | Noticed a wraith
  7828 | D:5      | HP: 1/84 [wraith (8)]
  7830 | D:5      | Killed a wraith
  7831 | D:5      | Reached XP level 8. HP: 2/62 MP: 1/13
  8220 | D:5      | Found a faded altar of an unknown god.
  8220 | D:5      | Found a faded altar of an unknown god.
  8223 | D:5      | Found a hazy altar of Hepliaklqana.
  8411 | D:5      | Became a worshipper of Sif Muna the Loreminder
  8788 | D:6      | Found Fukir's Magic Scroll Shoppe.
  8793 | D:6      | Bought a scroll of fog for 48 gold pieces
  8793 | D:6      | Bought a scroll of identify for 24 gold pieces
  8793 | D:6      | Bought a scroll of fear for 48 gold pieces
  8793 | D:6      | Bought a scroll of teleportation for 36 gold pieces
  8793 | D:6      | Bought a scroll of identify for 24 gold pieces
  8936 | D:6      | Found Zin's Purification Station.
  8940 | D:6      | Found a glowing silver altar of Zin.
  9347 | D:6      | Reached skill level 5 in Fire Magic
  9354 | D:6      | Reached skill level 1 in Invocations
  9388 | D:5      | Reached skill level 1 in Air Magic
  9462 | D:5      | Reached skill level 1 in Translocations
  9462 | D:5      | Reached skill level 1 in Evocations
 10443 | D:6      | Found a staircase to the Ecumenical Temple.
 10765 | D:6      | Reached XP level 9. HP: 69/69 MP: 7/14
 11152 | D:7      | Noticed a two-headed ogre
 11245 | D:7      | Noticed Pikel
 11513 | D:6      | Killed Pikel
 11514 | D:6      | Reached skill level 5 in Stealth
 11880 | D:7      | Reached * piety under Sif Muna
 12092 | D:7      | Identified the +1 dagger of the Fortifying Gods {heavy,
                  | rElec rN+ Stlth-}
 12749 | D:7      | Found an ornate altar of the Wu Jian Council.
 13287 | D:7      | Noticed Maggie
 13299 | D:7      | Killed Maggie
 13300 | D:7      | Reached skill level 5 in Dodging
 13646 | D:7      | Reached XP level 10. HP: 65/77 MP: 2/16
 14082 | D:7      | Killed a two-headed ogre
 14293 | D:8      | Found Reosm's Assorted Antiques.
 14327 | D:8      | Found Moned's Antique Weapon Emporium.
 14388 | D:8      | Reached skill level 1 in Short Blades
 14412 | D:7      | Reached skill level 2 in Short Blades
 14730 | D:7      | Reached skill level 3 in Short Blades
 14994 | D:8      | Reached skill level 4 in Short Blades
 15024 | D:8      | Found a bloodstained altar of Trog.
 15079 | D:8      | Bought a scroll of identify for 56 gold pieces
 15079 | D:8      | Bought a scroll of identify for 56 gold pieces
 15226 | D:8      | Reached skill level 5 in Short Blades
 15867 | D:8      | Reached skill level 6 in Short Blades
 15877 | D:8      | Found a stormy altar of Qazlal.
 16180 | D:8      | Found a radiant altar of Vehumet.
 16255 | D:9      | Noticed a two-headed ogre
 16324 | D:9      | Reached ** piety under Sif Muna
 16958 | D:8      | Reached skill level 7 in Short Blades
 18159 | D:9      | Found a staircase to the Orcish Mines.
 18467 | D:9      | Reached XP level 11. HP: 82/82 MP: 11/17
 18642 | D:9      | Reached skill level 8 in Short Blades
 18724 | D:9      | Noticed a two-headed ogre
 18734 | D:9      | Killed a two-headed ogre
 19432 | D:9      | Killed a two-headed ogre
 19433 | D:9      | Reached skill level 9 in Short Blades
 19504 | D:10     | Entered Level 10 of the Dungeon
 19751 | D:10     | Found a glowing golden altar of the Shining One.
 19751 | D:10     | Found a snail-covered altar of Cheibriados.
 20024 | D:10     | Reached *** piety under Sif Muna
 20117 | D:10     | Noticed a death yak
 20248 | D:10     | Noticed a death yak
 20251 | D:10     | Found a staircase to the Lair.
 20251 | D:10     | Noticed a death yak
 20778 | D:9      | Killed a death yak
 20779 | D:9      | Reached skill level 10 in Short Blades
 21077 | D:9      | HP: 3/82 [death yak (23)]
 21083 | D:9      | Killed a death yak
 21084 | D:9      | Reached skill level 1 in Necromancy
 21476 | D:10     | Noticed Erolcha
 21487 | D:10     | Killed Erolcha
 21570 | D:10     | Noticed Harold
 21746 | D:10     | Killed Harold
 22052 | D:10     | Found a sacrificial altar of Ru.
 22276 | Lair:1   | Entered Level 1 of the Lair of Beasts
 22321 | Lair:1   | Learned a level 3 spell: Kindle Blastsparks
 22339 | Lair:1   | Learned a level 1 spell: Kiss of Death
 22794 | Lair:1   | Reached skill level 5 in Translocations
 22799 | Lair:1   | Reached skill level 5 in Air Magic
 23487 | Lair:1   | Identified the +8 battleaxe of Grand Courage {flame, Drain
                  | rElec MP+9 Dex+4}
 24288 | Lair:2   | Reached XP level 12. HP: 89/89 MP: 12/18
 24317 | Lair:2   | Noticed a death yak
 24433 | Lair:2   | Found a hole to the Spider Nest.
 24721 | Lair:2   | Killed a death yak
 25311 | Lair:2   | Found a staircase to the Swamp.
 25319 | Lair:2   | Slain by a bog body

Illustrated notes

Levels and vault maps discovered:
D:1:      psy_arrival_dodecagon, layout_basic, serial_bayou,
          serial_bayou_pond_e, serial_bayou_ford_a, serial_bayou_pond_b,
          serial_bayou_crossing, serial_bayou_lagoon_a,
          chequers_serial_rivers_small_b
D:2:      cheibrodos_pilgrimage, layout_loops_ring, serial_aquarium,
          aquarium_bridge_straight [aquarium_subvault_bridge,
          aquarium_subvault_window, aquarium_subvault_bridge,
          aquarium_subvault_window], aquarium_bridge_straight
          [aquarium_subvault_bridge, aquarium_subvault_balcony,
          aquarium_subvault_bridge, aquarium_subvault_balcony],
          aquarium_window_1, aquarium_window_corridor_2, aquarium_window_fake,
          aquarium_window_1, aquarium_view_2e, aquarium_balcony_5b,
          aquarium_pool_2
D:3:      layout_basic, mainiacjoe_overflow_boulevard
D:4:      layout_loops_ring, evilmike_ruin_ashenzari, palyth_stone_intersect,
          uniq_robin, uniq_eustachio
D:5:      layout_basic, mainiacjoe_overflow_paths,
          nicolae_hepliaklqana_ecumenical_no_more, okawaru_trees_2,
          mainiacjoe_overflow_alcove_1, serial_rivers,
          chequers_serial_rivers_small_3, chequers_serial_rivers_large_b,
          chequers_serial_rivers_marsh, chequers_serial_rivers_micro_a,
          chequers_serial_rivers_micro_b, kennysheep_path_1, dk_rats_in_the_wall
D:6:      layout_loops_ring, zin_purify, minmay_temple_entry_proselytizer,
          serial_shops, shop, chequers_mini_garden, nrook_mini_vaults,
          minmay_joined_circles
D:7:      cheibrodos_fertilizer, layout_basic, nzn_wu_jian_contemplation,
          uniq_pikel, uniq_maggie
D:8:      layout_rooms, nicolae_overflow_crystal_walls, marbit_many_paths,
          mainiacjoe_overflow_tiny_flanked, serial_shops, shop, enter_bailey_4,
          chequers_serial_rivers_small_b, nicolae_stop_n_shop_1
D:9:      layout_roguey, erik_orc_4, nicolae_titane
D:10:     layout_roguey, mainiacjoe_overflow_small_starburst,
          nicolae_overflow_two_pavilions, dpeg_lair_monsters, uniq_erolcha,
          uniq_harold
Lair:1:   layout_regular_city, grunt_megastairs_2
Lair:2:   layout_cave_pods, nicolae_swamp_entry_splash_gauntlet,
          spider_nest_entry_a, amcnicky_mini_pool_medium

Skill      XL: |  1  2  3  4  5  6  7  8  9 10 11 12 |
---------------+-------------------------------------+-----
Stealth        | 2 3 4 5 |  5.7
Dodging        | 2 3 4 5 |  5.2
Conjurations   | 2 3 |  3.7
Spellcasting   | 3 4 |  4.3
Fire Magic     | 4 5 6 7 |  7.9
Fighting       | 1 2 3 |  3.0
Shields        | 1 2 3 4 |  4.7
Poison Magic   | 2 |  2.4
Invocations    | 2 3 4 |  4.2
Air Magic      | 2 3 5 6 |  6.0
Translocations | 2 3 5 6 |  6.0
Evocations     | 2 3 |  3.6
Short Blades   | 7 10 | 10.0
Necromancy     | 3 4 |  4.4

Action                   |  1- 3 |  4- 6 |  7- 9 | 10-12 || total
-------------------------+-------+-------+-------+-------++-------
Melee: Club              |    70 |       |       |       ||    70
       Unarmed           |     6 |       |       |       ||     6
       Tailslap          |    12 |     5 |    23 |    19 ||    59
       Short sword       |     6 |    52 |   119 |   107 ||   284
       Dagger            |       |       |       |    15 ||    15
 Cast: Foxfire           |    67 |    87 |   208 |   398 ||   760
       Scorch            |     2 |     3 |   127 |   142 ||   274
       Kindle Blastspark |       |       |       |    14 ||    14
 Abil: Breathe Noxious F |       |       |     2 |     2 ||     4
  Use: Scroll            |       |     6 |       |    18 ||    24
       Potion            |       |       |     4 |     1 ||     5
 Stab: Sleeping          |     1 |     1 |       |     1 ||     3
       Distracted        |       |     1 |       |       ||     1
Armor: Skin              |    70 |    24 |   136 |    85 ||   315
Dodge: Dodged            |   114 |    27 |   159 |   117 ||   417
       Repelled          |       |       |     1 |     1 ||     2
Block: Kite shield       |    43 |    24 |   209 |   221 ||   497
       Reflection        |       |       |     3 |    14 ||    17

Table legend: (Time is in decaauts)
 A = Elapsed time spent in this place.
 B = Non-inter-level travel time spent in this place.
 C = Inter-level travel time spent in this place.
 D = Time resting spent in this place.
 E = Time spent auto-exploring this place.
 F = Levels seen in this place.
 G = Mean time per level.
                   A        B        C        D        E       F      G
               +--------+--------+--------+--------+--------+-----+--------+
         Total |  25486 |  24202 |   1284 |  12581 |   7801 |  12 | 2123.8 |
       Dungeon |  22752 |  21549 |   1203 |  11372 |   6920 |  10 | 2275.2 |
          Lair |   2734 |   2654 |     80 |   1209 |    881 |   2 | 1367.0 |
               +--------+--------+--------+--------+--------+-----+--------+

Top non-repeatable levels by time:
     D:7: 3755 daAuts
     D:9: 3127 daAuts
     D:6: 2718 daAuts
     D:4: 2480 daAuts
     D:8: 2274 daAuts
     D:5: 2090 daAuts
  Lair:1: 1923 daAuts
     D:1: 1834 daAuts
    D:10: 1764 daAuts
     D:3: 1486 daAuts
     D:2: 1219 daAuts
  Lair:2: 811 daAuts
